 Dungeon Crawl Stone Soup version 0.31.0-11-ge490571c62 (webtiles) character file.

Game seed: 8548172274512237374

264 qw the Skirmisher (level 5, -2/30 HPs)
             Began as a Deep Elf Hunter on Feb 3, 2024.
             Incinerated by a bombardier beetle (4 damage)
             ... with a burning spray
             ... on level 3 of the Dungeon.
             The game lasted 00:00:07 (1906 turns).

qw the Skirmisher (Deep Elf Hunter)                 Turns: 1906, Time: 00:00:08

Health: -2/30      AC:  6    Str: 10    XL:     5   Next: 98%
Magic:  7/7        EV:  9    Int: 14    God:
Gold:   24         SH:  0    Dex: 18    Spells: 4/4 levels left

rFire   . . .        a - +0 shortbow (flame)
rCold   . . .        (shield currently unavailable)
rNeg    . . .        d - +0 scale mail
rPois   .            (no helmet)
rElec   .            (no cloak)
rCorr   .            (no gloves)
SInv    .            (no boots)
Will    .....        (no amulet)
Stlth   +            (no ring)
HPRegen 0.25/turn    (no ring)
MPRegen 0.10/turn

%: no passive effects
@: on fire, glowing
A: no striking features
a: no special abilities


You were on level 3 of the Dungeon.
You visited 1 branch of the dungeon, and saw 3 of its levels.

You collected 24 gold pieces.


   Skills:
 - Level 2.1 Fighting
 + Level 9.0 Ranged Weapons
 - Level 1.2 Armour
 - Level 2.4 Dodging
 - Level 1.2 Stealth


You had 4 spell levels left.
You didn't know any spells.
Your spell library was empty.

Inventory:

Hand Weapons
 a - a +0 shortbow of flaming (weapon)
Armour
 d - a +0 scale mail (worn)
Scrolls
 c - a scroll of noise {unknown}
 f - a scroll of teleportation
 h - a scroll of vulnerability {unknown}
Potions
 b - a potion of cancellation
 e - a potion of curing
 g - a potion of mutation {unknown}

Dungeon Overview and Level Annotations

Branches:
Dungeon (3/15)

Altars:

Shops:
D:2 *


Message History

You shoot an arrow. The arrow hits the rat.
The arrow burns the rat.
You kill the rat!
You shoot an arrow. The arrow hits the bombardier beetle.
The arrow burns the bombardier beetle.
The bombardier beetle is lightly wounded.
You shoot an arrow.
The arrow barely misses the bombardier beetle.
You shoot an arrow. The arrow hits the bombardier beetle.
The arrow burns the bombardier beetle.
The bombardier beetle is moderately wounded.
The bombardier beetle sprays incendiary fluid at you.
The burning spray hits you.
You are covered in liquid fire!
You shoot an arrow.
The arrow hits the bombardier beetle but does no damage.
The bombardier beetle is moderately wounded.
The liquid fire burns you!
The bombardier beetle sprays incendiary fluid at you.
The burning spray hits you.
You are even more covered in liquid fire!
You shoot an arrow. The arrow hits the bombardier beetle.
The arrow burns the bombardier beetle.
The bombardier beetle is severely wounded.
The liquid fire burns you!
The bombardier beetle sprays incendiary fluid at you.
The burning spray hits you.
You are even more covered in liquid fire!
You shoot an arrow.
The arrow completely misses the bombardier beetle.
The liquid fire burns you!
You shoot an arrow. The arrow hits the bombardier beetle!
The arrow burns the bombardier beetle.
You kill the bombardier beetle!
The liquid fire burns you!
Your Armour skill increases to level 1!
You are on fire!
The liquid fire burns you!
You are on fire!
The liquid fire burns you!
You die...

...... .. .......##..
...........(.## #
.............###..
#.....(........... #
#...............!.
.#.#........%%%......
..........)..@.......
.......#####.###..#..
.....................
..............###.#..
.#....##%###..#
....#.##.###..##.
........%........
##.######.####>..
...##...........


There were no monsters in sight!

Vanquished Creatures
  A centaur (D:2)
  A bombardier beetle (D:3)
  Terence (D:2)
  5 adders
  4 dart slugs
  A ribbon worm (D:2)
  An orc (D:3)
  6 ball pythons
  5 bats
  8 endoplasms
  4 giant cockroaches
  5 goblins
  8 hobgoblins
  7 jackals
  4 kobolds
  A quokka (D:3)
  8 frilled lizards
  4 rats
74 creatures vanquished.

Notes
Turn   | Place    | Note
-------+----------+-------------------------------------------
     0 | D:1      | qw the Deep Elf Hunter began the quest for the Orb.
     0 | D:1      | Reached XP level 1. HP: 12/12 MP: 3/3
     0 | D:1      | 0 ||| qw: Version: 0.3-a-158-g18b3111
     0 | D:1      | 0 ||| qw: Game counter: 4241
     0 | D:1      | 0 ||| qw: Melee chars always use a shield: true
     0 | D:1      | 0 ||| qw: God list: Okawaru
     0 | D:1      | 0 ||| qw: Allow faded altars: false
     0 | D:1      | 0 ||| qw: Do Orc after clearing Dungeon:15 true
     0 | D:1      | 0 ||| qw: Do second Lair branch before Depths: true
     0 | D:1      | 0 ||| qw: Lair rune preference: random
     0 | D:1      | 0 ||| qw: Goals: Normal
     0 | D:1      | 0 ||| PLANNING D:1-11
   141 | D:1      | Reached XP level 2. HP: 12/16 MP: 4/4
   159 | D:1      | Reached skill level 6 in Ranged Weapons
   550 | D:1      | Found a faded altar of an unknown god.
   654 | D:1      | Reached XP level 3. HP: 17/20 MP: 5/5
   847 | D:1      | 847 ||| READING scroll labelled KAL DEUDISAI.
   948 | D:1      | 948 ||| READING scroll labelled MEMUTS GAXAS.
   948 | D:1      | 948 ||| IDENTIFYING scroll labelled NUVICU YXZIARU
   949 | D:1      | 949 ||| READING scroll labelled WOS QEJETA.
   950 | D:1      | 950 ||| READING scroll labelled FUESMA JAPRIS.
   950 | D:1      | 950 ||| BRANDING +0 shortbow.
   951 | D:1      | 951 ||| DROPPING scroll of butterflies.
  1065 | D:2      | Found Ziseat's General Store.
  1074 | D:2      | 1074 ||| SHOPLISTING +0 cloak (49 gold, have 14).
  1074 | D:2      | 1074 ||| SHOPLISTING 3 scrolls of identify (66 gold, have
                  | 14).
  1074 | D:2      | 1074 ||| SHOPLISTING potion of heal wounds (55 gold, have
                  | 14).
  1097 | D:2      | Reached skill level 7 in Ranged Weapons
  1155 | D:2      | Noticed Terence
  1165 | D:2      | Killed Terence
  1166 | D:2      | Reached XP level 4. HP: 12/25 MP: 6/6
  1268 | D:2      | 1268 ||| READING scroll of brand weapon.
  1268 | D:2      | 1268 ||| BRANDING +0 shortbow of draining.
  1523 | D:2      | Reached skill level 8 in Ranged Weapons
  1670 | D:2      | 1670 ||| UPGRADING to +0 scale mail.
  1680 | D:2      | 1680 ||| DROPPING +0 leather armour.
  1681 | D:2      | 1681 ||| READING scroll of identify.
  1681 | D:2      | 1681 ||| IDENTIFYING coppery potion
  1682 | D:2      | 1682 ||| READING scroll labelled TAERGH XIAPEHO.
  1683 | D:2      | 1683 ||| DRINKING 2 murky dark potions.
  1704 | D:3      | Noticed a centaur
  1705 | D:3      | 1705 ||| STAIRDANCE
  1710 | D:3      | 1710 ||| STAIRDANCE
  1715 | D:3      | 1715 ||| STAIRDANCE
  1723 | D:2      | Killed a centaur
  1724 | D:2      | Reached skill level 9 in Ranged Weapons
  1724 | D:2      | Reached XP level 5. HP: 11/29 MP: 7/7
  1798 | D:3      | 1798 ||| STAIRDANCE
  1846 | D:3      | 1846 ||| FLEEEEING.
  1904 | D:3      | HP: 3/30 [burnt (5)]
  1905 | D:3      | Reached skill level 1 in Armour
  1906 | D:3      | Incinerated by a bombardier beetle

Levels and vault maps discovered:
D:1:      minmay_arrival_four_houses, layout_basic,
          shapermc_ecumenical_altar_mp_ritualfount, reono_crystal_passage
D:2:      layout_basic, serial_shops, shop, uniq_terence
D:3:      layout_rooms, ashenzari_altar_1, xom_butterflies, slow_altar_2,
          nzn_wu_jian_council_hall

Skill      XL: |  1  2  3  4  5 |
---------------+----------------+-----
Ranged Weapons | 6 7 9 |  9.0
Fighting       | 2 |  2.1
Armour         | 1 |  1.2
Dodging        | |  2.4
Stealth        | |  1.2

Action                     |  1- 3 |  4- 6 || total
---------------------------+-------+-------++-------
   Fire: Shortbow          |    95 |    86 ||   181
    Use: Scroll            |     4 |     3 ||     7
         Potion            |       |     1 ||     1
 Armour: Leather armour    |    10 |     3 ||    13
         Scale mail        |       |    52 ||    52
  Dodge: Dodged            |     5 |    35 ||    40

Table legend:
 A = Non-vault XP
 B = Vault XP
 C = Vault XP percentage of total XP
 D = Non-vault monster count
 E = Vault monster count
 F = Vault count percentage of total count
                 A         B        C        D         E       F
            +---------+---------+-------+---------+---------+-------
      Total |     342 |      36 |   9.5 |      73 |       1 |   1.4
            +---------+---------+-------+---------+---------+-------
        D:1 |      43 |       0 |   0.0 |      22 |       0 |   0.0
        D:2 |     206 |      36 |  14.9 |      31 |       1 |   3.1
        D:3 |      93 |       0 |   0.0 |      20 |       0 |   0.0
            +---------+---------+-------+---------+---------+-------
